 Dungeon Crawl Stone Soup version 0.25.0-11-g1f837a76a1 (webtiles) character file.

Game seed: 3212417422635690649

877 Apogee the Archer (level 7, -1/59 HPs)
             Began as a Centaur Hunter on June 26, 2020.
             Was a Follower of Okawaru.
             Shot with an arrow by a centaur (4 damage)
             ... on level 5 of the Dungeon.
             The game lasted 00:12:23 (5904 turns).

Apogee the Archer (Centaur Hunter)                  Turns: 5904, Time: 00:12:24

Health: -1/59      AC:  7    Str: 17    XL:     7   Next: 75%
Magic:  7/7        EV:  8    Int: 10    God:    Okawaru [*.....]
Gold:   225        SH:  0    Dex:  9    Spells: 6/6 levels left

rFire    . . .     SeeInvis .   b - +0 short sword (elec)
rCold    . . .     Gourm    .   (no shield)
rNeg     . . .     Faith    .   j - +0 ring mail
rPois    .         Spirit   .   s - +1 helmet
rElec    .         Reflect  .   (no cloak)
rCorr    .         Harm     .   (no gloves)
MR       .....                  (no barding)
Stlth    ..........             (no amulet)
HPRegen  0.19/turn              (no ring)
MPRegen  0.10/turn              (no ring)

@: very quick
A: large, hooves 3, deformed body, speed 2, tough skin 3
a: Heroism, Renounce Religion


You were on level 5 of the Dungeon.
You worshipped Okawaru.
Okawaru was aware of your devotion.
You were not hungry.

You visited 2 branches of the dungeon, and saw 6 of its levels.

You collected 225 gold pieces.

Inventory:

Hand Weapons
 a - a +1 shortbow
 b - a +0 short sword of electrocution (weapon)
Missiles
 d - 119 arrows
Armour
 c - a +0 leather armour
 j - a +0 ring mail (worn)
 l - a +0 chain mail
 o - a cursed +0 ring mail
 s - a +1 helmet (worn)
Jewellery
 w - an uncursed ring of protection from fire {unknown}
 x - an uncursed ring of fire
Wands
 u - a wand of acid (6)
 v - a wand of digging (6)
Scrolls
 i - 7 scrolls of remove curse
 t - a scroll of identify
Potions
 e - 2 potions of stabbing {unknown}
 h - a potion of berserk rage {unknown}
 k - a potion of degeneration {unknown}
 m - a potion of resistance {unknown}
 n - 2 potions of lignification {unknown}
 p - 2 potions of curing {unknown}
 q - 2 potions of heal wounds {unknown}
 r - 2 potions of might {unknown}
 z - a potion of brilliance {unknown}
Comestibles
 f - 13 rations
 A - 4 chunks of flesh


   Skills:
 + Level 4.3 Fighting
 + Level 11.4 Bows
 - Level 1.3 Dodging
 - Level 0.4 Stealth


You had 6 spell levels left.
You didn't know any spells.
Your spell library was empty.

Dungeon Overview and Level Annotations

Branches:
Dungeon (5/15)             Temple (1/1) D:4

Altars:
Cheibriados
Elyvilon
Gozag
Hepliaklqana
Makhleb
Nemelex Xobeh
Okawaru
Qazlal
Sif Muna
Uskayaw
Yredelemnul
Zin

Shops:
D:4 *:


Innate Abilities, Weirdness & Mutations

You have hooves in place of feet.
Armour fits poorly on your strangely shaped body.
You cover ground very quickly.
You have extremely tough skin. (AC +3)


Message History

You see here an arrow.
The centaur shoots an arrow.
The arrow hits you!
* * * LOW HITPOINT WARNING * * *
You see here an arrow.
The centaur shoots an arrow.
The arrow misses you.
The centaur shoots an arrow.
The arrow hits you!
* * * LOW HITPOINT WARNING * * *
Things that are here:
an arrow; a +0 giant club Unknown command.
Okay, then.
Okay, then.
Okay, then.
As you read the scroll labeled ZOLIT NIBREISA, it crumbles to dust.
It is a scroll of enchant armour.
Your +0 helmet glows green for a moment.
The centaur shoots an arrow.
The arrow barely misses you.
The centaur shoots an arrow.
The arrow closely misses you.
The centaur shoots an arrow.
The arrow hits you.
You die...

####.#..##..c..(.......#
#.#..##.######c(#####
#.#..##.#####..######
#.#..................
#.#...............###
#.#...#.#####.......#
#.#.........c.....#.#
#.#.......c.........#
#.#.@###(.#..#......#
#.#....#..#.........#
#.#...(..............
#.####.##........#..#
#.# #.....#.#.###.## #.#
#.##............ #.#
##.##.##.#####.## #.#
#................ #.#
###.####.......##


You could see a centaur.

Vanquished Creatures
  The ghost of Kold the Insei, an amateur OpTm (D:4)
  Menkaure (D:5)
  An ice beast (D:5)
  An ogre (D:5)
  A scorpion (D:4)
  A howler monkey (D:4)
  An orc wizard (D:3)
  An orc priest (D:3)
  2 hounds (D:4)
  A worker ant (D:4)
  A bullfrog simulacrum (D:4)
  A centaur simulacrum (D:4)
  A gnoll (D:4)
  A howler monkey skeleton (D:4)
  3 adders
  A white imp (D:4)
  An ooze (D:1)
  2 worms
  2 adder simulacra (D:4)
  2 leopard geckos
  19 orcs
  4 bats
  3 giant cockroaches
  10 goblins
  6 hobgoblins
  2 jackals (D:2)
  4 ball pythons
  5 frilled lizards
  6 kobolds
  9 rats
94 creatures vanquished.

Notes
Turn   | Place    | Note
-------+----------+-------------------------------------------
     0 | D:1      | Apogee the Centaur Hunter began the quest for the Orb.
     0 | D:1      | Reached XP level 1. HP: 17/17 MP: 1/1
   212 | D:1      | Reached skill level 6 in Bows
   212 | D:1      | Reached XP level 2. HP: 13/24 MP: 2/2
  1506 | D:2      | Reached XP level 3. HP: 28/29 MP: 3/3
  1547 | D:2      | Found a hazy altar of Hepliaklqana.
  1730 | D:2      | Found a snail-covered altar of Cheibriados.
  1776 | D:2      | Found a stormy altar of Qazlal.
  1961 | D:2      | Found a stormy altar of Qazlal.
  2012 | D:2      | Reached skill level 7 in Bows
  2625 | D:3      | Reached XP level 4. HP: 30/36 MP: 4/4
  3037 | D:3      | Reached skill level 8 in Bows
  3493 | D:3      | Reached XP level 5. HP: 28/41 MP: 5/5
  4159 | D:4      | Found a staircase to the Ecumenical Temple.
  4171 | Temple   | Entered the Ecumenical Temple
  4212 | Temple   | Became a worshipper of Warmaster Okawaru
  4405 | D:4      | Found a runed translucent gate.
  4405 | D:4      | Found a runed translucent gate.
  4408 | D:4      | Found a runed translucent gate.
  4409 | D:4      | Noticed Kold's ghost (amateur OpTm)
  4460 | D:4      | Reached skill level 9 in Bows
  4576 | D:4      | Found Fahejomm's General Store.
  4589 | D:4      | Found Luyno's Book Shoppe.
  4733 | D:4      | Reached XP level 6. HP: 40/50 MP: 6/6
  5426 | D:4      | Killed Kold's ghost
  5426 | D:4      | Reached * piety under Okawaru
  5426 | D:4      | Reached skill level 10 in Bows
  5426 | D:4      | Reached XP level 7. HP: 54/57 MP: 7/7
  5599 | D:5      | Entered Level 5 of the Dungeon
  5820 | D:5      | Noticed Menkaure
  5822 | D:5      | Killed Menkaure
  5822 | D:5      | Reached skill level 11 in Bows
  5898 | D:5      | HP: 2/59 [centaur/arrow (8)]
  5904 | D:5      | Shot with an arrow by a centaur

Illustrated notes

Levels and vault maps discovered:
D:1:      minmay_arrival_four_circles, layout_basic, grunt_decor_clamped
D:2:      layout_basic, old_standard_altar, lemuel_round_altar,
          old_standard_altar, grunt_qazlal_sundering
D:3:      layout_basic, first_ration, minmay_liquid_box
D:4:      layout_basic, minmay_temple_entry_sparse_star, gammafunk_ghost_icy,
          serial_shops, shop, shop, serial_curves, eino_curves_03,
          eino_curves_02, cheibrodos_gnoll_hut
D:5:      layout_basic, grunt_temple_overflow_cloverleaf,
          cheibrodos_ashenzari_chains, uniq_eustachio, uniq_menkaure, uniq_ijyb
Temple:   jpeg_temple_island

Skill      XL: |  1  2  3  4  5  6  7 |
---------------+----------------------+-----
Bows           | 6 7 8 9 10 11 | 11.4
Fighting       | 3 4 |  4.3
Dodging        | |  1.3
Stealth        | |  0.4

Action                   |  1- 3 |  4- 6 |  7- 9 || total
-------------------------+-------+-------+-------++-------
Melee: Short sword       |   141 |   108 |    21 ||   270
       Kick              |    23 |    22 |     4 ||    49
 Fire: Shortbow          |     2 |    45 |     4 ||    51
Evoke: Wand              |       |       |     1 ||     1
  Use: Scroll            |     8 |       |     1 ||     9
  Eat: Chunk             |     4 |     6 |       ||    10
       Ration            |       |       |     1 ||     1
Armor: Leather armour    |    36 |       |       ||    36
       Ring mail         |    13 |    37 |     7 ||    57
Dodge: Dodged            |    67 |    33 |     7 ||   107
